 Dungeon Crawl Stone Soup version 0.28.0-43-g3370ac3207 (webtiles) character file.

Game seed: 4124181296332844778

74250 pkoi the Destroyer (level 14, -2/110 HPs)
             Began as a Demigod Conjurer on Mar 31, 2022.
             Shot with an arrow by a centaur warrior (19 damage)
             ... on level 2 of the Shoals.
             The game lasted 01:08:45 (25099 turns).

pkoi the Destroyer (Demigod Conjurer)              Turns: 25099, Time: 01:08:45

Health: -2/110     AC: 12    Str:  5    XL:     14   Next: 64%
Magic:  15/31      EV: 14    Int: 36    God:
Gold:   1321       SH:  0    Dex: 12    Spells: 2/30 levels left

rFire   + . .      SeeInvis .   D - +1 dagger (venom)
rCold   . . .      Faith    .   (no shield)
rNeg    . . .      Spirit   .   p - +3 robe of the Hidden Vale {rElec rF+ Str-3}
rPois   .          Reflect  .   (no helmet)
rElec   +          Harm     .   e - scarf {+Inv}
rCorr   .          Rampage  .   k - +1 pair of gloves
Will    +....                   t - +0 pair of boots
Stlth   ++........              b - amulet of magic regeneration
HPRegen 0.28/turn               o - +4 ring of protection
MPRegen 0.62/turn               u - ring of flight

@: flying
A: high MP 1, forlorn, divine attributes
a: Evoke Invisibility


You were on level 2 of the Shoals.
You visited 4 branches of the dungeon, and saw 21 of its levels.
You also visited: Ice Cave.

You collected 1321 gold pieces.

Inventory:

Hand Weapons
 s - a +2 whip of electrocution
 D - a +1 dagger of venom (weapon)
Missiles
 c - 2 throwing nets
Armour
 e - a scarf of invisibility (worn)
 k - a +1 pair of gloves (worn)
 p - the +3 robe of the Hidden Vale (worn) {rElec rF+ Str-3}
   (You found it on level 4 of the Dungeon)

   Str:       It affects your strength (-3).
   rF:        It protects you from fire.
   rElec:     It insulates you from electricity.
 t - a +0 pair of boots (worn)
Jewellery
 b - an amulet of magic regeneration (around neck)
 n - a ring of resist corrosion
 o - a +4 ring of protection (left hand)
 r - a ring of protection from cold
 u - a ring of flight (right hand)
 w - a ring of protection from fire
 x - a +4 ring of protection
 I - an amulet of reflection
 J - a ring of see invisible
 K - a ring of positive energy
Wands
 d - a wand of polymorph (4)
 f - a wand of flame (46)
 m - a wand of acid (5)
 q - a wand of paralysis (13)
 v - a wand of iceblast (19)
 H - a wand of digging (6)
Scrolls
 a - 6 scrolls of identify
 j - 7 scrolls of teleportation
 y - 2 scrolls of silence
 B - 4 scrolls of amnesia
 C - 2 scrolls of enchant armour
 E - a scroll of fear
 G - a scroll of fog
 L - a scroll of enchant weapon
 M - a scroll of immolation
Potions
 g - 2 potions of haste
 h - 9 potions of curing
 i - 4 potions of flight
 l - 3 potions of ambrosia
 A - 2 potions of might
 F - 2 potions of brilliance
Miscellaneous
 z - a condenser vane


   Skills:
 - Level 6.0 Fighting
 - Level 6.0 Dodging
 - Level 1.7 Stealth
 + Level 8.8 Spellcasting
 * Level 13.7 Conjurations
 * Level 10.3 Hexes
 + Level 8.9 Translocations
 + Level 4.8 Air Magic
 + Level 5.3 Earth Magic
 - Level 6.0 Poison Magic
 - Level 5.3 Evocations


You had 2 spell levels left.
You knew the following spells:

 Your Spells              Type           Power      Damage    Failure   Level
a - Magic Dart            Conj           100%       1d8       0%          1
b - Searing Ray           Conj           100%       2d8       0%          2
c - Iskenderun's Mystic   Conj/Tloc      78%        2d16      1%          4
d - Poisonous Vapours     Pois/Air       100%       N/A       1%          2
e - Olgreb's Toxic Radia  Pois           56%        N/A       2%          4
f - Fulminant Prism       Conj/Hex       40%        3d20      1%          4
g - Iron Shot             Conj/Erth      35%        9d7       8%          6
h - Lightning Bolt        Conj/Air       35%        1d53      1%          5

Your spell library contained the following spells:

 Spells                   Type           Power      Damage    Failure   Level
 Sting                    Tmut/Pois      100%       1d8       1%          1
 Blink                    Tloc           100%       N/A       1%          2
 Scorch                   Fire           30%        2d7       4%          2
 Dazzling Flash           Conj/Hex       100%       N/A       1%          3
 Flame Wave               Conj/Fire      60%        2d12      1%          4
 Manifold Assault         Tloc           69%        N/A       1%          5
 Airstrike                Air            25%        N/A       3%          4
 Animate Armour           Summ/Erth      70%        N/A       9%          4
 Summon Lightning Spire   Summ/Air       33%        N/A       10%         4
 Blade Hands              Tmut           7%         N/A       58%         5
 Summon Cactus Giant      Summ           7%         N/A       99%         6
 Storm Form               Tmut/Air       16%        N/A       100%        7
 Borgnjor's Revivificati  Necr           7%         N/A       100%        8
 Necromutation            Tmut/Necr      7%         N/A       100%        8
 Death's Door             Necr           7%         N/A       100%        9


Dungeon Overview and Level Annotations

Branches:
Dungeon (12/15)            Temple (1/1) D:6            Lair (6/6) D:9
 Shoals (2/4) Lair:4        Snake (0/4) Lair:2        Slime (0/5) Lair:6
    Orc (0/2) D:9           IceCv (visited)

Shops:
D:4 =   D:6 [   D:12 (

Portals:
Hell: Lair:6

Annotations:
D:5 3 runed translucent doors, Icepheonix32's ghost, weakling SpDe
D:12 Rupert
Lair:4 3 runed translucent doors, Lutiheq's ghost, journeyman DrTm


Innate Abilities, Weirdness & Mutations

You have an increased reservoir of magic. (+10% MP)
You shall have no god before yourself.
Your divine heritage dramatically boosts your attributes as you level up.


Message History

Casting: Fulminant Prism (safe; 1% risk of failure)
Confirm with . or Enter, or press ? or * to list all spells.
You erupt in a blast of force!
The mystic blast hits the snapping turtle.
The snapping turtle is lightly wounded.
The snapping turtle is knocked back by the mystic blast.
The centaur warrior shoots an arrow.
The arrow closely misses you.
A merfolk impaler comes into view.
It is wielding a +0 vampiric demon trident.
The centaur warrior shoots an arrow.
The arrow hits you!
* * * LOW HITPOINT WARNING * * *
The merfolk siren chants its luring song.
Your fulminant prism explodes!
The blast of energy engulfs the snapping turtle!!
The snapping turtle is severely wounded.
Your fulminant prism crackles loudly.
You hear an angry hiss.
Unknown command.
Unknown command.
Casting: Iskenderun's Mystic Blast (safe; 1% risk of failure)
Confirm with . or Enter, or press ? or * to list all spells.
Aiming: Fulminant Prism (safe; 1% risk of failure)
Press: ? - help, Dir - move target, f - merfolk siren
Aim: a merfolk siren, wielding a +0 trident (moderately wounded, mesmerising, very poisoned, ally target)
Okay, then.
The merfolk impaler barely misses you.
The centaur warrior shoots an arrow.
The arrow hits you!!
* * * LOW HITPOINT WARNING * * *
The merfolk impaler barely misses you.
The merfolk siren chants its luring song.
Your fulminant prism explodes!
The blast of energy engulfs the merfolk siren!!!
You are no longer entranced.
You kill the merfolk siren!
The blast of energy engulfs the merfolk impaler!!
The merfolk impaler is heavily wounded.
Unknown command.
Unknown command.
Unknown command.
The centaur warrior shoots an arrow.
The arrow hits you!!
You die...

≈≈≈≈≈≈≈≈≈≈≈≈c≈≈
≈≈≈≈≈≈≈≈≈≈≈≈≈≈≈
≈≈≈≈≈≈≈≈≈≈≈≈≈≈≈
≈≈≈≈≈≈...≈≈...≈
≈≈≈≈≈...m≈≈≈..≈
≈≈≈≈≈....≈≈≈≈≈≈
≈≈≈≈.......≈≈.#
≈≈t$≈..@..)....
≈≈≈≈..###m.....
≈≈≈≈. #....
≈≈≈≈ ≈≈. ≈≈≈ ≈
≈≈ ≈


You could see 2 merfolk impalers, a snapping turtle (poisoned) and a centaur
warrior (poisoned).

Vanquished Creatures
  A kraken (Shoals:1)
  Kirke (Shoals:1)
  Nessos (Lair:4)
  Fannar (D:12)
  A merfolk impaler (Shoals:1)
  3 boulder beetles
  14 hydras
  A catoblepas (Lair:6)
  A two-headed ogre (D:9)
  10 death yaks
  2 sea snakes (Shoals:1)
  A sixfirhy (Lair:6)
  A wizard (Lair:6)
  Pikel (D:4)
  A lindwurm (Lair:2)
  5 harpies (Shoals:1)
  A deep elf pyromancer (D:9)
  7 elephants
  3 manticores (Shoals:1)
  2 merfolk sirens
  7 black mambas
  A water nymph (Shoals:1)
  3 torpor snails
  10 cane toads
  3 orange demons (Lair:6)
  9 komodo dragons
  An unseen horror (D:10)
  8 rime drakes
  Maggie (D:7)
  An ice devil (Lair:6)
  A hellwing (Lair:6)
  A troll (D:11)
  A red devil (Lair:6)
  7 merfolk (Shoals:1)
  2 polar bears
  32 blink frogs
  4 slime creatures (D:12)
  15 dream sheep
  2 snapping turtles (Shoals:1)
  A shadow (D:11)
  4 wyverns
  Eustachio (D:4)
  A vampire (D:9)
  3 wraiths
  50 yaks
  5 hogs (Shoals:1)
  A basilisk (Lair:3)
  A water elemental (Shoals:1)
  2 steam dragons
  A demonic crawler simulacrum (IceCv)
  20 water moccasins
  Menkaure (D:7)
  5 hell hounds (Lair:6)
  5 orc warriors
  An ice beast (D:7)
  An ugly thing simulacrum (IceCv)
  A necrophage (D:3)
  A hornet zombie (D:9)
  3 black bears
  2 sky beasts
  9 wolves
  3 ogres
  6 centaurs
  2 lemures (D:4)
  2 phantoms
  3 kobold brigands
  2 gnoll sergeants
  15 bullfrogs
  2 glowing shapeshifter simulacra (IceCv)
  4 scorpions
  A water moccasin zombie (D:4)
  3 howler monkeys
  An electric eel (Lair:4)
  5 centaur zombies
  4 hounds
  4 orc priests
  A bullfrog skeleton (D:5)
  2 centaur skeletons
  3 jellies
  4 iguanas
  4 orc wizards
  A killer bee zombie (D:7)
  2 hound skeletons
  A hound zombie (D:5)
  3 howler monkey zombies
  9 gnolls
  7 adders
  A white imp (D:6)
  4 adder skeletons
  5 dart slugs
  22 orcs
  3 bats
  5 endoplasms
  11 giant cockroaches
  8 goblins
  13 hobgoblins
  5 jackals
  2 quokkas
  7 ball pythons
  6 frilled lizards
  20 kobolds
  4 rats
  3 tentacles (Shoals:1)
499 creatures vanquished.

Vanquished Creatures (others)
  A human (Shoals:1)
  158 fulminant prisms
  59 fungi
  85 plants
  A tentacle (Shoals:1)
304 creatures vanquished.

Grand Total: 803 creatures vanquished

Notes
Turn   | Place    | Note
-------+----------+-------------------------------------------
     0 | D:1      | pkoi the Demigod Conjurer began the quest for the Orb.
     0 | D:1      | Reached XP level 1. HP: 14/14 MP: 5/5
   480 | D:1      | Reached skill level 4 in Conjurations
   480 | D:1      | Reached XP level 2. HP: 20/20 MP: 2/7
  1139 | D:1      | Learned a level 2 spell: Searing Ray
  1410 | D:2      | Reached XP level 3. HP: 26/26 MP: 2/9
  2448 | D:3      | Reached XP level 4. HP: 33/33 MP: 5/10
  2994 | D:3      | Noticed a phantom
  3009 | D:3      | Killed a phantom
  3010 | D:3      | Reached skill level 5 in Conjurations
  3010 | D:3      | Reached skill level 1 in Evocations
  3010 | D:3      | Reached XP level 5. HP: 35/38 MP: 5/12
  3028 | D:3      | Learned a level 4 spell: Iskenderun's Mystic Blast
  3785 | D:4      | Noticed a necrophage
  3801 | D:3      | Killed a necrophage
  3802 | D:3      | Reached skill level 1 in Translocations
  3802 | D:3      | Reached XP level 6. HP: 37/45 MP: 6/13
  4098 | D:4      | Identified the +3 robe of the Hidden Vale {rElec rF+ Str-3}
  4246 | D:4      | Reached skill level 6 in Conjurations
  4703 | D:4      | Noticed Eustachio
  4713 | D:4      | Killed Eustachio
  4714 | D:4      | Reached XP level 7. HP: 42/50 MP: 6/15
  4733 | D:4      | Learned a level 2 spell: Poisonous Vapours
  4738 | D:4      | Learned a level 4 spell: Olgreb's Toxic Radiance
  4839 | D:4      | Noticed Pikel
  4902 | D:4      | Killed Pikel
  4903 | D:4      | Reached skill level 7 in Conjurations
  4903 | D:4      | Reached skill level 1 in Air Magic
  4903 | D:4      | Reached skill level 1 in Poison Magic
  4903 | D:4      | Reached XP level 8. HP: 52/57 MP: 8/17
  4974 | D:4      | Found Veasekh's Jewellery Shoppe.
  5187 | D:5      | Entered Level 5 of the Dungeon
  5345 | D:5      | Found a runed translucent gate.
  5345 | D:5      | Found a runed translucent gate.
  5345 | D:5      | Found a runed translucent gate.
  5345 | D:5      | Noticed Icepheonix32's ghost (weakling SpDe)
  5845 | D:6      | Found Ziledit's Armour Boutique.
  6306 | D:6      | Reached XP level 9. HP: 49/62 MP: 13/19
  6418 | D:6      | Reached skill level 8 in Conjurations
  6423 | D:6      | Learned a level 4 spell: Fulminant Prism
  6767 | D:6      | Found a staircase to the Ecumenical Temple.
  6812 | Temple   | Entered the Ecumenical Temple
  7389 | D:7      | Noticed Maggie
  7442 | D:7      | Killed Maggie
  7548 | D:7      | Reached skill level 1 in Fighting
  7548 | D:7      | Reached skill level 5 in Spellcasting
  7581 | D:7      | Reached skill level 1 in Hexes
  8040 | D:7      | Noticed Menkaure
  8254 | D:7      | Killed Menkaure
  8662 | D:8      | Reached skill level 5 in Evocations
  9646 | D:9      | Reached XP level 10. HP: 74/74 MP: 7/22
  9714 | D:9      | Noticed a deep elf pyromancer
  9723 | D:9      | Killed a deep elf pyromancer
  9724 | D:9      | Reached skill level 9 in Conjurations
  9871 | D:9      | Noticed a two-headed ogre
  9908 | D:9      | Killed a two-headed ogre
  9909 | D:9      | Reached skill level 5 in Translocations
 10012 | D:9      | Found a staircase to the Lair.
 10103 | D:9      | Identified the +2 flail of Ignis's Esteem {venom, rElec}
 10362 | D:9      | Noticed a boulder beetle
 10560 | D:9      | Killed a boulder beetle
 10795 | D:9      | Found a staircase to the Orcish Mines.
 10994 | D:10     | Entered Level 10 of the Dungeon
 11398 | D:10     | Noticed a five-headed hydra
 11915 | D:10     | Killed a five-headed hydra
 11916 | D:10     | Reached skill level 10 in Conjurations
 12177 | Lair:1   | Entered Level 1 of the Lair of Beasts
 12272 | Lair:1   | Noticed a five-headed hydra
 12279 | Lair:1   | Reached XP level 11. HP: 75/80 MP: 11/24
 12288 | Lair:1   | Killed a five-headed hydra
 12391 | Lair:1   | Found a frozen archway.
 12395 | Lair:1   | Reached skill level 5 in Hexes
 12402 | IceCv    | Entered an ice cave
 12649 | Lair:1   | Reached skill level 5 in Poison Magic
 12872 | Lair:1   | Noticed an eight-headed hydra
 12880 | Lair:1   | Killed an eight-headed hydra
 13311 | Lair:2   | Reached skill level 11 in Conjurations
 13440 | Lair:2   | Noticed a boulder beetle
 13461 | Lair:2   | Killed a boulder beetle
 13692 | Lair:2   | Found a staircase to the Snake Pit.
 13860 | Lair:2   | Noticed a seven-headed hydra
 13876 | Lair:2   | Killed a seven-headed hydra
 14359 | Lair:2   | Reached XP level 12. HP: 88/88 MP: 16/27
 14366 | Lair:2   | Learned a level 6 spell: Iron Shot
 15042 | Lair:3   | Noticed a six-headed hydra
 15055 | Lair:3   | Killed a six-headed hydra
 15119 | Lair:3   | Noticed an eight-headed hydra
 15121 | Lair:3   | Reached skill level 1 in Earth Magic
 15128 | Lair:3   | Killed an eight-headed hydra
 15423 | Lair:3   | Noticed a four-headed hydra
 15431 | Lair:3   | Killed a four-headed hydra
 15892 | Lair:4   | Noticed a four-headed hydra
 15901 | Lair:4   | Killed a four-headed hydra
 16057 | Lair:4   | Found a runed translucent gate.
 16057 | Lair:4   | Found a runed translucent gate.
 16057 | Lair:4   | Noticed a five-headed hydra
 16060 | Lair:4   | Noticed Lutiheq's ghost (journeyman DrTm)
 16061 | Lair:4   | Found a runed translucent gate.
 16075 | Lair:4   | Reached skill level 12 in Conjurations
 16327 | Lair:4   | Noticed a boulder beetle
 16335 | Lair:4   | Killed a boulder beetle
 16450 | Lair:4   | Reached XP level 13. HP: 96/96 MP: 13/29
 16727 | Lair:4   | Found a staircase to the Shoals.
 16745 | Lair:4   | Noticed Nessos
 16757 | Lair:4   | Killed Nessos
 18339 | Lair:6   | Entered Level 6 of the Lair of Beasts
 18642 | Lair:6   | Found a staircase to the Slime Pits.
 18798 | Lair:6   | Reached skill level 5 in Dodging
 19393 | Lair:6   | Reached skill level 5 in Fighting
 20078 | Lair:6   | Reached skill level 13 in Conjurations
 20675 | Lair:6   | Reached XP level 14. HP: 107/107 MP: 26/31
 20688 | Lair:6   | Learned a level 5 spell: Lightning Bolt
 21625 | Lair:6   | Found a gateway to Hell.
 21948 | D:11     | Identified the +1 leather armour of the Devil's Team
                  | {+Blink rF+ rCorr}
 22740 | D:12     | Found Sipakloh's Antique Weapon Emporium.
 22749 | D:12     | Noticed Fannar
 22755 | D:12     | Noticed Rupert
 22768 | D:12     | Killed Fannar
 22970 | Shoals:1 | Entered Level 1 of the Shoals
 23073 | Shoals:1 | Reached skill level 5 in Earth Magic
 23359 | Shoals:1 | Reached skill level 10 in Hexes
 23580 | Shoals:1 | Noticed Kirke
 23671 | Shoals:1 | Killed Kirke
 24894 | Shoals:1 | Noticed a kraken
 24900 | Shoals:1 | Killed a kraken
 25099 | Shoals:2 | Shot with an arrow by a centaur warrior

Illustrated notes

Levels and vault maps discovered:
D:1:      nzn_arrival_depleted_hourglass, layout_basic
D:2:      layout_basic, basic_altar, hellmonk_ecumenical_altar_inner_sanctum,
          chequers_serial_rivers_small_3
D:3:      minmay_roachtagon, layout_loops_cross, chequers_serial_rivers_marsh,
          kennysheep_cross_bottleneck, palyth_stone_intersect,
          amcnicky_mini_rare_corridor_liquid, guppyfry_early_lair_pool
D:4:      minmay_inner_zag, layout_cave_pools, grunt_temple_overflow_open,
          nrook_mini_vaults, hangedman_abyss_or_decor_stabs,
          minmay_shop_enchanted_jewellery, chequers_serial_rivers_small_b,
          uniq_pikel, uniq_eustachio
D:5:      layout_rooms, vehumet_altar_wand_db,
          mainiacjoe_overflow_small_starburst, gammafunk_ghost_split,
          minmay_misc_feat_square, kennysheep_big_empty_room
D:6:      layout_basic, kennysheep_okawaru_gauntlet, temple_statues,
          serial_shops, shop
D:7:      layout_basic, uniq_maggie, uniq_menkaure
D:8:      layout_loops_ring
D:9:      layout_basic, lair_entry_dummy, orc_0_dummy, nzn_life_drinkers
D:10:     layout_rooms, gammafunk_temple_overflow_elements
D:11:     layout_irregular_city
D:12:     layout_long_grid, serial_shops, nicolae_shop_behind_doors,
          kennysheep_little_box, shop, nicolae_take_the_stairs,
          nicolae_shop_trees, wad_mini_maze, uniq_fannar, uniq_rupert,
          uniq_snorg
Temple:   nicolae_temple_figure_eight
Lair:1:   layout_gridlike, portal_ice_cave_rime
Lair:2:   layout_layer_cave, minmay_snake_entry_six_corridors,
          nicolae_volcano_entry_vermiform, grunt_forest_small_clearings,
          minmay_hedge_maze, chequers_serial_rivers_room_b, grunt_megastairs_5
Lair:3:   layout_long_grid, grunt_megastairs_2
Lair:4:   layout_cave_shapes, elwin_shoals_entry_rooms, gammafunk_ghost_split,
          uniq_nessos
Lair:5:   layout_layer_cave
Lair:6:   evil_forest, layout_small_grid, slime_dummy,
          infiniplex_staircase_pool_2
Shoals:1: layout_shoals, uniq_kirke
Shoals:2: layout_shoals, nicolae_shoals_lost_giant_temple,
          nicolae_shoals_shepherds

Skill      XL: |  1  2  3  4  5  6  7  8  9 10 11 12 13 14 |
---------------+-------------------------------------------+-----
Spellcasting   | 2 3 4 5 6 7 8 |  8.8
Conjurations   | 4 5 6 7 8 10 11 12 13 | 13.7
Evocations     | 1 2 3 4 5 |  5.3
Translocations | 1 2 3 4 5 7 8 |  8.9
Air Magic      | 1 2 3 4 |  4.8
Poison Magic   | 1 3 4 5 6 |  6.0
Dodging        | 3 4 5 6 |  6.0
Fighting       | 2 4 5 6 |  6.0
Hexes          | 2 4 6 8 9 10 | 10.3
Earth Magic    | 3 4 5 |  5.3
Stealth        | |  1.7

Action                   |  1- 3 |  4- 6 |  7- 9 | 10-12 | 13-15 || total
-------------------------+-------+-------+-------+-------+-------++-------
Melee: Unarmed           |    19 |       |       |       |       ||    19
       Dagger            |     7 |     2 |       |    26 |     9 ||    44
       Whip              |       |       |    19 |     5 |       ||    24
       Punch             |       |       |       |       |     2 ||     2
 Cast: Magic Dart        |    86 |   129 |   170 |    38 |    72 ||   495
       Searing Ray       |     1 |    17 |    31 |     5 |     5 ||    59
       Poisonous Vapours |       |       |     2 |    46 |    66 ||   114
       Fulminant Prism   |       |       |    22 |    58 |    78 ||   158
       Iskenderun's Myst |       |       |    20 |   136 |   172 ||   328
       Olgreb's Toxic Ra |       |       |     2 |    30 |    30 ||    62
       Lightning Bolt    |       |       |       |       |     4 ||     4
Evoke: Wand              |       |       |     2 |       |       ||     2
  Use: Scroll            |       |     7 |    11 |     6 |     2 ||    26
       Potion            |       |       |     1 |       |       ||     1
 Stab: Sleeping          |       |       |     1 |     1 |       ||     2
       Petrified         |       |       |       |       |     1 ||     1
Armor: Robe              |     7 |    13 |    56 |    81 |    70 ||   227
Dodge: Dodged            |    32 |    34 |    64 |   100 |   115 ||   345
